 Dungeon Crawl Stone Soup version 0.31-a0-1005-gfbdfbacc72 (webtiles) character file.

Game seed: 1950707307970931042

243 Monkfish the Cutter (level 6, -1/38 HPs)
             Began as a Kobold Monk on Nov 11, 2023.
             Slain by Edmund
             ... wielding a +1 dire flail of protection
              (7 damage)
             ... on level 4 of the Dungeon.
             The game lasted 00:05:44 (4536 turns).

Monkfish the Cutter (Kobold Monk)                   Turns: 4536, Time: 00:05:44

Health: -1/38      AC:  6    Str:  9    XL:     6   Next: 31%
Magic:  6/6        EV: 15    Int: 11    God:
Gold:   126        SH:  4    Dex: 19    Spells: 5/5 levels left

rFire   . . .        a - +0 short sword
rCold   . . .        p - +0 buckler
rNeg    . . .        k - +0 leather armour
rPois   .            g - +0 helmet
rElec   .            (no cloak)
rCorr   .            q - +1 pair of gloves
SInv    .            (no boots)
Will    .....        (no amulet)
Stlth   ++++         (no ring)
HPRegen 0.26/turn    (no ring)
MPRegen 0.10/turn

%: no passive effects
@: no status effects
A: small, no large weapons, nightstalker 3
a: no special abilities


You were on level 4 of the Dungeon.
You visited 1 branch of the dungeon, and saw 4 of its levels.

You collected 126 gold pieces.

Inventory:

Hand Weapons
 a - a +0 short sword (weapon)
Armour
 d - an orb of light
 g - a +0 helmet (worn)
 k - a +0 leather armour (worn)
 p - a +0 buckler (worn)
 q - a +1 pair of gloves (worn)
Scrolls
 h - a scroll of brand weapon {unknown}
 n - a scroll of enchant armour {unknown}
 o - 2 scrolls of identify
 r - a scroll of enchant weapon {unknown}
Potions
 b - 3 potions of mutation {unknown}
 c - 2 potions of ambrosia
 f - a potion of invisibility {unknown}
 i - 3 potions of degeneration {unknown}
 j - a potion of haste {unknown}
 l - 2 potions of brilliance {unknown}
 m - a potion of magic {unknown}


   Skills:
 + Level 3.8 Fighting
 * Level 6.4 Short Blades
 + Level 0.7 Armour
 + Level 4.3 Dodging
 * Level 4.4 Stealth


You had 5 spell levels left.
You didn't know any spells.
Your spell library contained the following spells:

 Spells                   Type           Power      Damage    Failure   Level
 Blink                    Tloc           0%         N/A       75%         2
 Lesser Beckoning         Tloc           0%         N/A       75%         2
 Momentum Strike          Conj/Tloc      0%         3d8       75%         2
 Hailstorm                Conj/Ice       0%         3d3       93%         3
 Summon Ice Beast         Ice/Summ       0%         N/A       100%        4
 Simulacrum               Ice/Necr       0%         N/A       100%        6


Dungeon Overview and Level Annotations

Branches:
Dungeon (4/15)
 Temple: D:4-7

Altars:
Elyvilon
Gozag
Trog

Annotations:
D:3 Sigmund
D:4 Edmund


Innate Abilities, Weirdness & Mutations

You are small and have problems with some larger weapons.
You are completely attuned to the shadows.


Message History

Edmund is moderately wounded.
You barely miss Edmund.
Edmund is moderately wounded.
Edmund misses you.
You hit Edmund but do no damage.
Edmund is moderately wounded.
Edmund misses you.
You hit Edmund.
Edmund is moderately wounded.
Edmund hits you but does no damage.
You closely miss Edmund.
Edmund is moderately wounded.
You hit Edmund.
Edmund is heavily wounded.
You block Edmund's attack.
You barely miss Edmund.
Edmund is heavily wounded.
You block Edmund's attack.
You hit Edmund but do no damage.
Edmund is heavily wounded.
Edmund hits you with a +1 dire flail of protection!
You closely miss Edmund.
Edmund is heavily wounded.
You hit Edmund but do no damage.
Edmund is heavily wounded.
Edmund hits you with a +1 dire flail of protection!
* * * LOW HITPOINT WARNING * * *
You feel better.
Edmund hits you with a +1 dire flail of protection.
You barely miss Edmund.
Edmund is heavily wounded.
Edmund hits you with a +1 dire flail of protection!
* * * LOW HITPOINT WARNING * * *
You hit Edmund but do no damage.
Edmund is heavily wounded.
You barely miss Edmund.
Edmund is heavily wounded.
Edmund hits you with a +1 dire flail of protection!
You die...
Edmund says, "That'll show my brother!"

###### .....#######
#>+ ............
#.# .....#######
#.#........#
#.#........#
#@#........#
#@#........#######
#g#...............
#.#........#######
..#.#........#
.........#########
#.................#
#.................#
#?................#


You could see Edmund and a hobgoblin.

Vanquished Creatures
  A phantom (D:4)
  An iguana (D:4)
  7 adders
  2 worms
  3 dart slugs
  An orc (D:3)
  5 ball pythons
  3 bats (D:1)
  10 endoplasms
  3 giant cockroaches
  7 goblins
  5 hobgoblins
  8 jackals
  2 kobolds
  A quokka (D:1)
  3 frilled lizards
  6 rats
68 creatures vanquished.

Vanquished Creatures (others)
  An arcanist (D:4)
1 creature vanquished.

Grand Total: 69 creatures vanquished

Notes
Turn   | Place    | Note
-------+----------+-------------------------------------------
     0 | D:1      | Monkfish the Kobold Monk began the quest for the Orb.
     0 | D:1      | Reached XP level 1. HP: 14/14 MP: 1/1
   199 | D:1      | Reached XP level 2. HP: 19/19 MP: 2/2
   484 | D:1      | Reached skill level 1 in Stealth
   603 | D:1      | You fall into a shaft and drop 1 floor!
   673 | D:2      | Reached XP level 3. HP: 23/23 MP: 3/3
  1987 | D:2      | Reached skill level 5 in Short Blades
  2025 | D:2      | Reached XP level 4. HP: 28/28 MP: 4/4
  2369 | D:2      | Found an opulent altar of Gozag.
  2732 | D:3      | Found a white marble altar of Elyvilon.
  2743 | D:3      | Noticed Sigmund
  2836 | D:3      | Reached XP level 5. HP: 32/32 MP: 5/5
  3372 | D:4      | Found a bloodstained altar of Trog.
  3375 | D:4      | Noticed an arcanist
  3388 | D:4      | Killed an arcanist
  3503 | D:4      | Noticed a phantom
  3847 | D:4      | Noticed Edmund
  4121 | D:3      | Reached skill level 6 in Short Blades
  4433 | D:4      | Killed a phantom
  4434 | D:4      | Reached XP level 6. HP: 31/38 MP: 6/6
  4536 | D:4      | Slain by Edmund

Illustrated notes

Levels and vault maps discovered:
D:1:      shiori_arrival_elements, layout_loops_ring, serial_co_window_serial,
          co_window_corner_a, co_window_corner_a, co_window_of_opportunity_a,
          co_window_of_opportunity_a, co_window_corner_a, co_window_cross_4,
          co_window_broadway_c, co_window_broadway_a, co_window_corner_ca,
          co_window_4corner_b, co_window_paths_d, glass_columns_b
D:2:      layout_basic, basic_altar
D:3:      layout_loops_cross, elyvilon_altar_5, uniq_sigmund
D:4:      layout_basic, trog_wizard, fedhas_ov_isle_minmay,
          minmay_temple_entry_fiery, uniq_edmund

Skill      XL: |  1  2  3  4  5 |
---------------+----------------+-----
Stealth        | 1 2 4 |  4.4
Short Blades   | 5 6 |  6.4
Dodging        | 4 |  4.3
Fighting       | |  3.8
Armour         | |  0.7

Action                     |  1- 3 |  4- 6 || total
---------------------------+-------+-------++-------
  Melee: Short sword       |    94 |   201 ||   295
         Punch             |     2 |       ||     2
    Use: Scroll            |       |     4 ||     4
         Potion            |       |     2 ||     2
   Stab: Sleeping          |    12 |    11 ||    23
 Armour: Robe              |    17 |       ||    17
         Leather armour    |     2 |    49 ||    51
  Dodge: Dodged            |    59 |   104 ||   163
  Block: Buckler           |       |    22 ||    22

Table legend: (Time is in decaauts)
 A = Elapsed time spent in this place.
 B = Non-inter-level travel time spent in this place.
 C = Inter-level travel time spent in this place.
 D = Time resting spent in this place.
 E = Time spent auto-exploring this place.
 F = Levels seen in this place.
 G = Mean time per level.
                   A        B        C        D        E       F      G
               +--------+--------+--------+--------+--------+-----+--------+
         Total |   4470 |   3802 |    668 |     29 |   2760 |   4 | 1117.5 |
       Dungeon |   4470 |   3802 |    668 |     29 |   2760 |   4 | 1117.5 |
               +--------+--------+--------+--------+--------+-----+--------+

Top non-repeatable levels by time:
     D:1: 1449 daAuts
     D:2: 1245 daAuts
     D:3: 990 daAuts
     D:4: 784 daAuts
